 Dungeon Crawl Stone Soup version 0.23-a0-296-ga3b1b28 (webtiles) character file.

512016 riellis the Hoplite (level 24, 0/343 HPs)
             Began as a Minotaur Fighter on Oct 5, 2018.
             Was the Champion of Okawaru.
             Slain by a tentacled monstrosity (8 damage)
             ... on level 5 of the Vaults on Oct 6, 2018.
             The game lasted 03:59:02 (55790 turns).

riellis the Hoplite (Minotaur Fighter)             Turns: 55790, Time: 03:59:02

Health: 0/343      AC: 38    Str: 25    XL:     24   Next: 36%
Magic:  22/28      EV: 27    Int:  5    God:    Okawaru [******]
Gold:   3993       SH: 28    Dex: 19    Spells: 20/23 levels left

rFire    + . .     SeeInvis +   W - +9 double sword (holy)
rCold    + + .     Gourm    .   L - +1 large shield {AC+3}
rNeg     + . .     Faith    .   P - +7 pearl dragon scales
rPois    .         Spirit   .   g - +0 hat {MR+}
rElec    +         Reflect  .   j - scarf {rC+ rF+}
rCorr    +         Harm     .   o - +2 pair of gloves {archery}
MR       ++...                  R - +0 pair of boots {run}
Stlth    ..........             H - amulet of regeneration
HPRegen  0.67/turn              X - ring of Fefiocy {rCorr rC+}
MPRegen  0.21/turn              i - ring "Goazippe" {+Blink +Fly rElec Str-4 SInv}

@: berserking, heroism, marked, constricted, studying Spellcasting, very quick
A: retaliatory headbutt, horns 2
}: 2/15 runes: decaying, gossamer
a: Heroism, Finesse, Renounce Religion, Evoke Blink, Evoke Flight


You were on level 5 of the Vaults.
You worshipped Okawaru.
Okawaru was exalted by your worship.
You were not hungry.

You visited 8 branches of the dungeon, and saw 42 of its levels.
You visited 1 bazaar.
You also visited: Labyrinth, Ice Cave, Volcano and Wizlab.

You collected 6089 gold pieces.
You spent 2096 gold pieces at shops.

Inventory:

Hand Weapons
 v - the +1 demon blade of Qizierghi {flame, Int+2 Dex+4}
   (You acquired it on level 7 of the Dungeon)

   It has been specially enchanted to burn those struck by it, causing extra
   injury to most foes and up to half again as much damage against particularly
   susceptible opponents.
   Big, fiery blades are also staple armaments of hydra-hunters.
   It affects your intelligence (+2).
   It affects your dexterity (+4).
 C - the +4 demon blade "Liklab" {freeze, rPois Str+4 Dex+5}
   (Okawaru gifted it to you on level 1 of the Vaults)

   It has been specially enchanted to freeze those struck by it, causing extra
   injury to most foes and up to half again as much damage against particularly
   susceptible opponents.
   It can also slow down cold-blooded creatures.
   It affects your strength (+4).
   It affects your dexterity (+5).
   It protects you from poison.
 J - the +10 zealot's sword {holy, *Rage rN+ EV+3}
   (Okawaru gifted it to you in an ice cave)

   It has been blessed by the Shining One to cause great damage to the undead
   and demons.
   It affects your evasion (+3).
   It protects you from negative energy.
   It may make you go berserk in combat.
 W - a +9 double sword of holy wrath (weapon)
Missiles
 N - a throwing net (quivered)
Armour
 a - the +0 cloak of the Several Demons {rElec rN+ Regen+}
   (You bought it in a shop in a bazaar)

   It insulates you from electricity.
   It protects you from negative energy.
   It increases your rate of regeneration.
 g - a +0 hat of magic resistance (worn)
 j - a scarf of resistance (worn)
 o - a +2 pair of gloves of archery (worn)
 w - a scarf of cloud immunity
 L - a +1 large shield of protection (worn)
 P - +7 pearl dragon scales (worn)
 R - a +0 pair of boots of running (worn)
Jewellery
 i - the ring "Goazippe" (right hand) {+Blink +Fly rElec Str-4 SInv}
   (You bought it in a shop on level 1 of the Depths)

   [ring of flight]

   It affects your strength (-4).
   It insulates you from electricity.
   It lets you see invisible.
   It lets you fly.
   It lets you blink.
 y - an uncursed ring of protection from magic
 G - an uncursed ring of positive energy
 H - an amulet of regeneration (around neck)
 O - the amulet "Diboim" {RegenMP rF+ Int+4 Dex+3 Stlth+}
   (You found it on level 3 of the Depths)

   [amulet of magic regeneration]

   It increases your magic regeneration.
   It affects your intelligence (+4).
   It affects your dexterity (+3).
   It protects you from fire.
   It makes you more stealthy.
 X - the ring of Fefiocy (left hand) {rCorr rC+}
   (You bought it in a shop on level 1 of the Depths)

   [ring of resist corrosion]

   It protects you from cold.
 Y - a +3 amulet of reflection
 Z - an uncursed ring of protection from fire
Wands
 n - a wand of clouds (2)
 F - a wand of iceblast (45)
 K - a wand of disintegration (12)
 M - a wand of acid (14)
 V - a wand of paralysis (22)
Scrolls
 b - 3 scrolls of blinking
 h - 14 scrolls of teleportation
 k - 3 scrolls of magic mapping
 l - 7 scrolls of fear
 m - a scroll of summoning
 t - 10 scrolls of fog
 x - 15 scrolls of identify
 A - 2 scrolls of holy word
 E - 19 scrolls of remove curse
Potions
 c - 3 potions of invisibility
 d - 10 potions of might
 p - a potion of berserk rage
 q - 5 potions of cancellation
 r - 5 potions of agility
 s - 16 potions of curing
 z - 3 potions of mutation
 D - 8 potions of ambrosia
 I - 3 potions of resistance
 Q - a potion of haste
 S - 8 potions of flight
 T - 4 potions of magic
Books
 U - a manual of Spellcasting
Miscellaneous
 B - a lightning rod (4/4)
Comestibles
 f - 63 rations
 u - 15 chunks of flesh


   Skills:
 + Level 21.6(26.6) Fighting
 + Level 19.3(24.3) Long Blades
 + Level 21.1(26.1) Armour
 + Level 19.9(24.9) Dodging
 + Level 21.7(26.7) Shields
 - Level 8.1 Charms
 - Level 8.0 Invocations


You had 20 spell levels left.
You knew the following spells:

 Your Spells              Type           Power        Failure   Level  Hunger
a - Infusion              Chrm           #...         3%          1    ##.....
b - Song of Slaying       Chrm           #.......     4%          2    ###....

Your spell library contained the following spells:

 Spells                   Type           Power        Failure   Level  Hunger
 Shroud of Golubria       Chrm/Tloc      #.........   24%         2    ###....
 Swiftness                Chrm/Air       #.......     24%         2    ###....
 Ozocubu's Armour         Chrm/Ice       #.......     43%         3    ####...
 Regeneration             Chrm/Necr      #.........   43%         3    ####...
 Spectral Weapon          Hex/Chrm       #.......     43%         3    ####...
 Animate Skeleton         Necr           N/A          63%         1    ##.....
 Apportation              Tloc           #.....       63%         1    ##.....
 Corona                   Hex            #......      63%         1    ##.....
 Freeze                   Ice            #...         63%         1    ##.....
 Pain                     Necr           #...         63%         1    ##.....
 Summon Butterflies       Summ           #.......     63%         1    ##.....
 Call Imp                 Summ           #.......     77%         2    ###....
 Corpse Rot               Necr           N/A          77%         2    ###....
 Ensorcelled Hibernation  Hex/Ice        #.....       77%         2    ###....
 Passwall                 Tmut/Erth      #.......     77%         2    ###....
 Sublimation of Blood     Necr           #.........   77%         2    ###....
 Throw Frost              Conj/Ice       #.....       77%         2    ###....
 Confuse                  Hex            #.......     94%         3    ####...
 Dazzling Spray           Conj/Hex       #.....       94%         3    ####...
 Inner Flame              Hex/Fire       #.......     94%         3    ####...
 Lesser Beckoning         Tloc           #.........   94%         3    ####...
 Recall                   Summ/Tloc      N/A          94%         3    ####...
 Tukima's Dance           Hex            #.......     94%         3    ####...
 Vampiric Draining        Necr           #.........   94%         3    ####...
 Excruciating Wounds      Chrm/Necr      #.........   99%         5    ######.
 Animate Dead             Necr           N/A          100%        4    #####..
 Cause Fear               Hex            #.........   100%        4    #####..
 Ice Form                 Ice/Tmut       #.......     100%        4    #####..
 Passage of Golubria      Tloc           N/A          100%        4    #####..
 Summon Ice Beast         Ice/Summ       #.......     100%        4    #####..
 Summon Lightning Spire   Summ/Air       #.......     100%        4    #####..
 Throw Icicle             Conj/Ice       #.......     100%        4    #####..
 Agony                    Necr           #.......     100%        5    ######.
 Alistair's Intoxication  Tmut/Pois      #.......     100%        5    ######.
 Aura of Abjuration       Summ           #.........   100%        5    ######.
 Blade Hands              Tmut           #.........   100%        5    ######.
 Bolt of Draining         Conj/Necr      #.........   100%        5    ######.
 Dispel Undead            Necr           #.......     100%        5    ######.
 Lee's Rapid Deconstruct  Erth           #.........   100%        5    ######.
 Metabolic Englaciation   Hex/Ice        #.........   100%        5    ######.
 Silence                  Hex/Air        #.........   100%        5    ######.
 Summon Demon             Summ           #.........   100%        5    ######.
 Summon Forest            Summ/Tloc      #.........   100%        5    ######.
 Summon Mana Viper        Hex/Summ       #.......     100%        5    ######.
 Yara's Violent Unravell  Hex/Tmut       #.........   100%        5    ######.
 Bolt of Cold             Conj/Ice       #.........   100%        6    #######
 Conjure Ball Lightning   Conj/Air       #.........   100%        6    #######
 Darkness                 Hex            #.........   100%        6    #######
 Deflect Missiles         Chrm/Air       #.........   100%        6    #######
 Freezing Cloud           Conj/Ice/Air   #.........   100%        6    #######
 Hydra Form               Tmut           #.........   100%        6    #######
 Invisibility             Hex            #.......     100%        6    #######
 Ozocubu's Refrigeration  Ice            #.........   100%        6    #######
 Shadow Creatures         Summ           N/A          100%        6    #######
 Simulacrum               Ice/Necr       #.........   100%        6    #######
 Statue Form              Tmut/Erth      #........    100%        6    #######
 Malign Gateway           Summ/Tloc      #.........   100%        7    #######
 Monstrous Menagerie      Summ           #.........   100%        7    #######
 Summon Greater Demon     Summ           #.........   100%        7    #######
 Discord                  Hex            #.........   100%        8    #######
 Summon Horrible Things   Summ           #.........   100%        8    #######
 Dragon's Call            Summ           #.........   100%        9    #######
 Tornado                  Air            #.........   100%        9    #######


Dungeon Overview and Level Annotations

Branches:
Dungeon (15/15)            Temple (1/1) D:7            Lair (6/6) D:8
  Swamp (4/4) Lair:4       Spider (4/4) Lair:4        Slime (0/5) Lair:6
    Orc (2/2) D:12            Elf (0/3) Orc:2        Vaults (5/5) D:13
  Crypt (0/3) Vaults:3     Depths (5/5) D:15            Zot (0/5) Depths:5

Altars:
Ashenzari
Cheibriados
Dithmenos
Elyvilon
Fedhas
Gozag
Hepliaklqana
Kikubaaqudgha
Makhleb
Nemelex Xobeh
Okawaru
Qazlal
Ru
Sif Muna
Trog
Uskayaw
Vehumet
Wu Jian
Xom
Yredelemnul
Zin
The Shining One
Beogh
Jiyva
Lugonu

Shops:
D:11 (   D:13 (   Orc:2 %[}:   Vaults:3 %(   Depths:1 [=}=   Depths:5 *

Portals:
Hell: Depths:1 Depths:2 Depths:3 Depths:4 Depths:5
Abyss: Depths:2* Depths:4
Pandemonium: Depths:2 Depths:3 Depths:4
Ziggurat: Depths:4
Trove: D:12 (give 17 potions of curing)

Annotations:
Swamp:2 3 runed doors, ass's ghost, adept DsBe


Innate Abilities, Weirdness & Mutations

You reflexively headbutt those who attack you in melee.
You have a pair of horns on your head.


Message History

The tentacled monstrosity constricts you.
You block the shadow dragon's attack. The shadow dragon misses you. x2
The ironbrand convoker casts a spell at the tentacled monstrosity.
The tentacled monstrosity seems to grow stronger.
A stone giant comes into view.
You slice the tentacled monstrosity!!
The tentacled monstrosity convulses!
You headbutt the tentacled monstrosity!
The tentacled monstrosity is heavily wounded.
The ironheart preserver mumbles some strange words.
The ironheart preserver begins to accept its allies' injuries.
The stone giant hits you!
* * * LOW HITPOINT WARNING * * *
You are too berserk!
You slice the tentacled monstrosity!!
The tentacled monstrosity convulses!
The tentacled monstrosity is severely wounded.
The vault sentinel blows a loud note on a signal horn!
You block the fire giant's attack.
The phantasmal warrior blinks!
You block the ogre's attack.
The tentacled monstrosity tentacle-slaps you!
You die...

. .# . ..# .##..#
#'#..# ##.#..# .H...#
##################C...#
........(c..§pDC@Op)..#
..............pDCX§)..#
..............pppO))..#
...............pp.))..#
###############...)...#
....####.W.# ...#. ...#
... #. ...# .. #. ...#


You could see a shadow dragon, a tentacled monstrosity, an iron dragon, an
ironheart preserver, a fire giant, 2 stone giants, a vault warden, a two-headed
ogre, 4 vault sentinels, a phantasmal warrior, an ironbrand convoker and an
ogre.

Vanquished Creatures
  An ancient lich (Depths:4)
  A juggernaut (Depths:5)
  3 golden dragons
  Arachne (Spider:3)
  3 liches
  Rupert (Lair:4)
  A tentacled monstrosity (Vaults:5)
  3 titans (Vaults:5)
  A quicksilver dragon (Vaults:5)
  6 sphinxes
  2 thorn hunters
  Gastronok (D:11)
  5 tengu reavers
  Kirke (Lair:4)
  2 shadow dragons
  4 storm dragons
  4 fire giants
  5 deep elf sorcerers
  3 frost giants
  3 vault wardens
  Roxanne (Spider:1)
  A balrug (Depths:5)
  3 ghost moths
  A draconian shifter (Depths:5)
  Louise (Swamp:1)
  A draconian stormcaller (Depths:5)
  6 emperor scorpions
  The ghost of stevs the Blocker, a journeyman FoEE of Cheibriados (Lair:3)
  A spriggan defender (Depths:4)
  16 ironheart preservers
  A war gargoyle (Vaults:5)
  7 stone giants
  19 very ugly things
  3 entropy weavers
  2 vampire knights (Depths:5)
  2 deep elf demonologists (Vaults:2)
  3 green draconians (Depths:5)
  The ghost of Kuinutt the Blocker, a journeyman MfBe of Trog (Lair:4)
  A yellow draconian (Depths:5)
  A purple draconian (Depths:5)
  A white draconian (Depths:5)
  An orange crystal statue (WizLab)
  4 spark wasps
  A minotaur (Lab)
  6 ettins
  A blizzard demon (Depths:2)
  2 deep elf death magi
  9 yaktaur captains
  Snorg (D:10)
  5 great orbs of eyes
  3 deep elf high priests
  13 fire dragons
  Josephine (Lair:6)
  The ghost of Sweetruy1997 the Thrower, a journeyman DsFi of Hepliaklqana (Spider:2)
  2 jiangshi (Depths:1)
  Erolcha (D:11)
  3 rakshasas
  27 vault guards
  Harold (D:7)
  12 ice dragons
  A catoblepas (Lair:3)
  3 shambling mangroves (Swamp:2)
  4 spriggan air magi
  3 ghost crabs
  12 centaur warriors
  36 hydras
  A death knight (Vaults:4)
  20 ogre magi
  4 tengu warriors
  7 deep troll earth magi
  8 deep troll shamans
  11 alligators
  67 two-headed ogres
  A hell hog (Volcano)
  3 orc high priests (Orc:2)
  7 spriggan berserkers
  10 death yaks
  2 vampire magi
  The ghost of pokeman the Thaumaturge, a journeyman DEWz of Vehumet (D:12)
  4 deep elf knights
  2 sun demons (Depths:5)
  Urug (D:10)
  5 hell knights (Depths:4)
  Sonja (Lair:2)
  2 shadow wraiths (Vaults:4)
  3 iron trolls
  A fire crab (Volcano)
  36 deep trolls
  2 glowing orange brains
  5 skeletal warriors (Vaults:3)
  3 spriggan druids
  11 wizards
  A spectral hydra (Lair:4)
  A flayed ghost (Vaults:1)
  9 swamp dragons
  A golden dragon zombie (Depths:2)
  5 deep elf archers (Vaults:2)
  A lindwurm (Lair:6)
  2 unseen horrors
  12 harpies
  5 necromancers
  36 wolf spiders
  3 phantasmal warriors
  A wolf spider zombie (D:15)
  19 orc knights
  12 orc sorcerers
  64 ugly things
  A harpy (shapeshifter) (D:13)
  23 orb spiders
  9 ironbrand convokers
  2 tengu skeletons
  A fire giant zombie (Depths:1)
  3 manticores (Depths:2)
  20 deep elf magi
  A frost giant zombie (Depths:2)
  A shining eye (shapeshifter) (Vaults:5)
  10 cyclopes
  A salamander (Depths:1)
  A stone giant skeleton (Depths:1)
  5 moths of wrath
  3 fire giant skeletons
  An elephant (shapeshifter) (Depths:1)
  7 vault sentinels
  A rust devil (Depths:2)
  10 elephants
  Psyche (D:10)
  A guardian serpent (shapeshifter) (Depths:1)
  2 naga magi (D:15)
  2 ice statues (IceCv)
  A smoke demon (Depths:1)
  3 molten gargoyles (Lair:6)
  14 spiny frogs
  3 torpor snails
  5 black mambas
  2 gargoyles
  18 yaktaurs
  9 komodo dragons
  3 kobold demonologists
  5 freezing wraiths
  10 demonic crawlers
  A yaktaur skeleton (Vaults:3)
  A red devil (Depths:1)
  5 tengu conjurers
  2 spriggan skeletons
  6 trolls
  2 meliai (shapeshifter)
  29 jumping spiders
  14 polar bears
  A tengu simulacrum (Depths:3)
  A polar bear (shapeshifter) (Vaults:4)
  A hornet (shapeshifter) (Vaults:1)
  24 hornets
  45 slime creatures
  6 tyrant leeches
  10 bog bodies
  12 blink frogs
  A harpy skeleton (D:15)
  A dream sheep (Lair:5)
  A wind drake (shapeshifter) (D:15)
  2 ettin skeletons (Vaults:3)
  11 hippogriffs
  4 water elementals
  A vampire (D:11)
  A centaur simulacrum (D:15)
  3 shadows
  10 wraiths
  23 spriggans
  32 tarantellas
  A human (D:8)
  77 redbacks
  57 yaks
  4 wyverns
  A hog (shapeshifter) (Vaults:4)
  A chaos spawn (Depths:2)
  5 hogs
  A hungry ghost (D:15)
  A neqoxec (Depths:2)
  3 steam dragons
  11 basilisks
  A spectral spiny frog (Lair:4)
  18 vampire mosquitoes
  Menkaure (D:7)
  8 wargs
  6 insubstantial wisps (Swamp:1)
  12 hell hounds
  16 swamp worms
  3 acid dragons
  8 water moccasins
  18 porcupines
  18 swamp drakes
  A black bear (D:9)
  57 orc warriors
  A sky beast (shapeshifter) (Vaults:5)
  5 sky beasts
  63 ogres
  5 phantoms
  3 eyes of draining
  5 boggarts
  15 wolves
  7 crocodiles
  11 centaurs
  27 bullfrogs
  4 big kobolds
  A gnoll sergeant (D:9)
  7 human skeletons (Vaults:3)
  A glowing shapeshifter simulacrum (Depths:3)
  2 spiny frog simulacra (Lair:4)
  A wyvern skeleton (D:7)
  4 scorpions
  3 water moccasin skeletons
  14 wights
  2 electric eels
  4 howler monkeys
  6 crimson imps
  A bullfrog zombie (D:9)
  3 jellies
  A lava snake (Lair:6)
  2 quasits
  A komodo dragon simulacrum (Lair:4)
  A bullfrog skeleton (D:12)
  10 hounds
  6 centaur zombies
  A gnoll shaman (D:10)
  29 orc priests
  3 centaur skeletons
  2 iguanas
  31 orc wizards
  Jessica (D:2)
  Natasha (D:3)
  11 worker ants
  A killer bee zombie (D:4)
  2 hound skeletons
  9 gnolls
  A worker ant zombie (D:9)
  10 adders
  A shadow imp (D:8)
  12 white imps (Lair:1)
  4 oozes
  An adder skeleton (D:6)
  2 adder zombies
  4 worms
  2 dart slugs
  3 leopard geckos
  123 orcs
  4 giant cockroaches
  4 goblins
  7 hobgoblins
  9 jackals
  19 kobolds
  7 quokkas
  7 bats
  4 frilled lizards
  A leopard gecko skeleton (D:4)
  A leopard gecko zombie (D:7)
  4 rats
  A briar patch (Swamp:3)
  2 fungi (Lair:6)
1965 creatures vanquished.

Vanquished Creatures (others)
  A ghost moth (Spider:4)
  A yaktaur captain (Vaults:5)
  A vault guard (Vaults:5)
  An alligator (Swamp:4)
  A spriggan druid (Swamp:1)
  3 yaktaurs
  A red devil (Depths:2)
  A jumping spider (Spider:4)
  2 polar bears (IceCv)
  A spriggan (Swamp:1)
  A redback (Spider:2)
  A yak (Lair:4)
  3 humans (Lair:4)
  A steam dragon (Volcano)
  A swamp worm (Swamp:2)
  A porcupine (Lair:4)
  A centaur (Vaults:1)
  A boggart (Depths:1)
  A hound (D:13)
  An orc wizard (Orc:2)
  An orc (Vaults:5)
  7 fungi
  14 plants
  3 toadstools (Swamp:1)
50 creatures vanquished.

Grand Total: 2015 creatures vanquished

Notes
Turn   | Place    | Note
-------+----------+-------------------------------------------
     0 | D:1      | riellis the Minotaur Fighter began the quest for the Orb.
     0 | D:1      | Reached XP level 1. HP: 19/19 MP: 0/0
   180 | D:1      | Found a shattered altar of Ashenzari.
   375 | D:1      | Reached XP level 2. HP: 25/27 MP: 1/1
   666 | D:2      | Noticed Jessica
   674 | D:2      | Killed Jessica
   674 | D:2      | Reached skill level 1 in Dodging
   674 | D:2      | Reached XP level 3. HP: 33/33 MP: 2/2
   813 | D:2      | Reached XP level 4. HP: 40/40 MP: 3/3
  1629 | D:3      | Noticed an ogre
  1642 | D:3      | Killed an ogre
  1642 | D:3      | Reached XP level 5. HP: 26/47 MP: 4/4
  1882 | D:3      | Found a burning altar of Makhleb.
  1931 | D:3      | Noticed Natasha
  1937 | D:3      | Killed Natasha
  2125 | D:3      | Reached XP level 6. HP: 37/53 MP: 5/5
  2137 | D:3      | Reached skill level 5 in Long Blades
  2611 | D:4      | Reached skill level 5 in Shields
  2617 | D:4      | Reached skill level 5 in Armour
  2988 | D:4      | Reached skill level 5 in Fighting
  2988 | D:4      | Reached XP level 7. HP: 47/61 MP: 6/6
  3550 | D:5      | Entered Level 5 of the Dungeon
  4575 | D:5      | Reached XP level 8. HP: 61/70 MP: 7/7
  4665 | D:5      | Found a sparkling altar of Nemelex Xobeh.
  5223 | D:6      | Got a smoking leather armour
  5236 | D:6      | Identified the +4 leather armour of the Desert {MR+ Dex+4
                  | SInv} (You took it off an orc on level 6 of the Dungeon)
  5958 | D:7      | Found a staircase to the Ecumenical Temple.
  5967 | Temple   | Entered the Ecumenical Temple
  6083 | Temple   | Became a worshipper of Warmaster Okawaru
  6173 | D:7      | Identified 2 scrolls of acquirement
  6174 | D:7      | Got a fine demon blade
  6175 | D:7      | Identified the +1 demon blade of Qizierghi {flame, Int+2
                  | Dex+4} (You acquired it on level 7 of the Dungeon)
  6220 | D:7      | Found an ornate altar of the Wu Jian Council.
  6275 | D:7      | Noticed Menkaure
  6278 | D:7      | Killed Menkaure
  6278 | D:7      | Reached skill level 5 in Dodging
  6278 | D:7      | Reached XP level 9. HP: 78/78 MP: 8/8
  6434 | D:7      | Noticed Harold
  6458 | D:7      | Killed Harold
  6458 | D:7      | Reached * piety under Okawaru
  6458 | D:7      | Reached ** piety under Okawaru
  6458 | D:7      | Reached skill level 1 in Invocations
  7047 | D:8      | Found a staircase to the Lair.
  7308 | D:8      | Reached skill level 10 in Long Blades
  7417 | D:8      | Found a shadowy altar of Dithmenos.
  7490 | D:8      | Reached *** piety under Okawaru
  7610 | D:8      | Reached XP level 10. HP: 88/88 MP: 11/11
  8278 | D:9      | Found a basalt altar of Yredelemnul.
  8288 | D:9      | Reached **** piety under Okawaru
  8899 | D:10     | Entered Level 10 of the Dungeon
  8904 | D:10     | Noticed a two-headed ogre
  8914 | D:10     | Killed a two-headed ogre
  9247 | D:10     | Noticed Urug
  9256 | D:10     | Killed Urug
  9256 | D:10     | Reached ***** piety under Okawaru
  9455 | D:10     | Noticed a gargoyle
  9465 | D:10     | Killed a gargoyle
  9465 | D:10     | Received a gift from Okawaru
  9465 | D:10     | Reached XP level 11. HP: 81/97 MP: 13/13
  9532 | D:10     | Noticed Psyche
  9542 | D:10     | Killed Psyche
  9608 | D:10     | Found a shadowy altar of Dithmenos.
  9905 | D:10     | Noticed Snorg
  9923 | D:10     | Killed Snorg
  9923 | D:10     | Reached skill level 5 in Invocations
 10363 | D:11     | Noticed a red ugly thing
 10373 | D:11     | Killed a red ugly thing
 10373 | D:11     | Received a gift from Okawaru
 10517 | D:11     | Noticed Erolcha
 10519 | D:11     | Noticed a purple ugly thing
 10542 | D:11     | Killed a purple ugly thing
 10549 | D:11     | Killed Erolcha
 10827 | D:11     | Found Niwufuf's Antique Weapon Shoppe.
 11082 | D:11     | Killed an unseen horror
 11082 | D:11     | Reached skill level 10 in Shields
 11143 | D:11     | Reached skill level 10 in Fighting
 11203 | D:11     | Noticed Gastronok
 11217 | D:11     | Killed Gastronok
 11217 | D:11     | Received a gift from Okawaru
 11217 | D:11     | Reached XP level 12. HP: 62/106 MP: 8/15
 11745 | Lair:1   | Entered Level 1 of the Lair of Beasts
 11802 | Lair:1   | Found a frozen archway.
 11865 | IceCv    | Entered an ice cave
 12862 | IceCv    | Received a gift from Okawaru
 12863 | IceCv    | Found the +10 zealot's sword {holy, *Rage rN+ EV+3}
 13244 | IceCv    | Noticed a frost giant
 13281 | IceCv    | Killed a frost giant
 14217 | Lair:2   | Reached ****** piety under Okawaru
 14224 | Lair:2   | Found a labyrinth entrance.
 14227 | Lair:2   | Reached XP level 13. HP: 88/116 MP: 17/17
 14246 | Lair:2   | Received a gift from Okawaru
 14276 | Lab      | Entered a labyrinth
 14425 | Lab      | Noticed a minotaur
 14441 | Lab      | Killed a minotaur
 14448 | Lab      | Identified the Papyrus of Enthralling Companions
 14457 | Lab      | Got a warped shortbow
 14472 | Lab      | Identified the +8 shortbow of Mureloh {flame, Fragile rPois
                  | rN++ Int+3} (You found it in a labyrinth)
 15113 | Lair:2   | Reached skill level 10 in Dodging
 15359 | Lair:2   | Noticed Sonja
 15366 | Lair:2   | Killed Sonja
 16155 | Lair:3   | Found a dark tunnel.
 16176 | Volcano  | Entered a volcano
 16206 | Volcano  | Reached skill level 15 in Long Blades
 16395 | Volcano  | Reached skill level 10 in Armour
 16746 | Lair:3   | Found a runed door.
 16746 | Lair:3   | Noticed stevs's ghost (journeyman FoEE)
 16766 | Lair:3   | Killed stevs's ghost
 16766 | Lair:3   | Received a gift from Okawaru
 17792 | Lair:4   | Noticed Kirke
 17805 | Lair:4   | Killed Kirke
 17805 | Lair:4   | Received a gift from Okawaru
 17899 | Lair:4   | Found a runed gate.
 17899 | Lair:4   | Found a runed gate.
 17899 | Lair:4   | Found a runed gate.
 18540 | Lair:4   | Found a hole to the Spider Nest.
 18564 | Lair:4   | Reached XP level 14. HP: 126/126 MP: 19/19
 18655 | Lair:4   | Found a staircase to the Swamp.
 18822 | Lair:4   | Noticed Rupert
 18837 | Lair:4   | Killed Rupert
 18837 | Lair:4   | Received a gift from Okawaru
 19062 | Lair:4   | Noticed Kuinutt's ghost (journeyman MfBe)
 19178 | Lair:4   | Killed Kuinutt's ghost
 19584 | Lair:5   | Received a gift from Okawaru
 20449 | Lair:6   | Entered Level 6 of the Lair of Beasts
 20471 | Lair:6   | Noticed Josephine
 20485 | Lair:6   | Killed Josephine
 20780 | Lair:6   | Found a large runed door.
 20780 | Lair:6   | Found a large runed door.
 21155 | Lair:6   | Found a runed door.
 21189 | Lair:6   | Found a viscous altar of Jiyva.
 21192 | Lair:6   | Found a staircase to the Slime Pits.
 21560 | Lair:6   | Reached XP level 15. HP: 101/136 MP: 12/20
 21567 | Lair:6   | Received a gift from Okawaru
 22245 | D:12     | Found a runed gate.
 22253 | D:12     | Found a runed gate.
 22253 | D:12     | Found a runed gate.
 22257 | D:12     | Noticed pokeman's ghost (journeyman DEWz)
 22279 | D:12     | Killed pokeman's ghost
 22549 | D:12     | Found a portal to a secret trove of treasure.
 22679 | D:12     | Found a staircase to the Orcish Mines.
 22906 | D:13     | Found a gate to the Vaults.
 23156 | D:13     | Found a glowing golden altar of the Shining One.
 23394 | D:13     | Found a roughly hewn altar of Beogh.
 23549 | D:13     | Found Ureodiac's Weapon Shop.
 23867 | D:14     | Found a glowing silver altar of Zin.
 23976 | D:14     | Received a gift from Okawaru
 23980 | D:14     | Got a pair of spiked gloves {god gift}
 23991 | D:14     | Identified the +0 pair of gloves "Muifiv" {rC- Str+3}
                  | (Okawaru gifted it to you on level 14 of the Dungeon)
 24663 | D:15     | Entered Level 15 of the Dungeon
 25167 | D:15     | Found a staircase to the Depths.
 25308 | D:15     | Found a sacrificial altar of Ru.
 25433 | Orc:1    | Entered Level 1 of the Orcish Mines
 25696 | Orc:2    | Entered Level 2 of the Orcish Mines
 25724 | Orc:2    | Found Ajeaz's Book Boutique.
 25881 | Orc:2    | Reached XP level 16. HP: 131/147 MP: 21/21
 26001 | Orc:2    | Found a staircase to the Elven Halls.
 26099 | Orc:2    | Reached skill level 15 in Shields
 26124 | Orc:2    | Reached skill level 15 in Fighting
 26366 | Orc:2    | Found a roughly hewn altar of Beogh.
 26529 | Orc:2    | Found Cawededi's Food Boutique.
 26595 | Orc:2    | Found Jehot's Gadget Emporium.
 26595 | Orc:2    | Found Ynwi's Armour Emporium.
 27444 | Swamp:1  | Entered Level 1 of the Swamp
 27496 | Swamp:1  | Received a gift from Okawaru
 27621 | Swamp:1  | Noticed Louise
 27651 | Swamp:1  | Noticed a thorn hunter
 27662 | Swamp:1  | Killed a thorn hunter
 27875 | Swamp:1  | Killed Louise
 29071 | Swamp:2  | Learned a level 1 spell: Infusion
 29074 | Swamp:2  | Learned a level 2 spell: Song of Slaying
 29213 | Swamp:2  | Found a runed gate.
 29214 | Swamp:2  | Found a runed gate.
 29215 | Swamp:2  | Found a runed gate.
 29218 | Swamp:2  | Noticed ass's ghost (adept DsBe)
 29700 | Swamp:3  | Reached skill level 1 in Charms
 29714 | Swamp:3  | Reached skill level 15 in Armour
 29730 | Swamp:3  | Received a gift from Okawaru
 29929 | Swamp:3  | Noticed a thorn hunter
 29939 | Swamp:3  | Killed a thorn hunter
 30476 | Swamp:3  | Reached XP level 17. HP: 131/158 MP: 22/22
 30566 | Swamp:4  | Entered Level 4 of the Swamp
 30895 | Swamp:4  | Received a gift from Okawaru
 31235 | Swamp:4  | Got a decaying rune of Zot
 31773 | Spider:1 | Entered Level 1 of the Spider Nest
 31890 | Spider:1 | Reached skill level 15 in Dodging
 32711 | Spider:1 | Noticed Roxanne
 32730 | Spider:1 | Killed Roxanne
 32731 | Spider:1 | Identified Roxanne's Grimoire of Shape Shifting (You took
                  | it off Roxanne on level 1 of the Spider Nest)
 33040 | Spider:2 | Received a gift from Okawaru
 33627 | Spider:2 | Found a runed door.
 33627 | Spider:2 | Noticed Sweetruy1997's ghost (journeyman DsFi)
 33638 | Spider:2 | Killed Sweetruy1997's ghost
 34533 | Spider:3 | Reached XP level 18. HP: 168/169 MP: 23/23
 35157 | Spider:3 | Noticed Arachne
 35176 | Spider:3 | Killed Arachne
 35687 | Spider:4 | Entered Level 4 of the Spider Nest
 36793 | Spider:4 | Received a gift from Okawaru
 36941 | Spider:4 | Reached skill level 5 in Charms
 37546 | Spider:4 | Got a gossamer rune of Zot
 38206 | Vaults:1 | Entered Level 1 of the Vaults
 39038 | Vaults:1 | Received a gift from Okawaru
 39039 | Vaults:1 | Got a pitted demon blade {god gift}
 39048 | Vaults:1 | Reached XP level 19. HP: 179/179 MP: 24/24
 39052 | Vaults:1 | Identified the +4 demon blade "Liklab" {freeze, rPois Str+4
                  | Dex+5} (Okawaru gifted it to you on level 1 of the Vaults)
 40970 | Vaults:2 | Received a gift from Okawaru
 41596 | Vaults:3 | Received a gift from Okawaru
 41612 | Vaults:3 | Identified the +1 ring mail "Kupouxtiycs" {rPois rF++}
                  | (Okawaru gifted it to you on level 3 of the Vaults)
 41908 | Vaults:3 | Found Lotziunk's Antique Weapon Shop.
 41999 | Vaults:3 | Found Muluy's Food Shop.
 42623 | Vaults:3 | Reached XP level 20. HP: 189/189 MP: 25/25
 42956 | Vaults:3 | Found a staircase to the Crypt.
 43446 | Vaults:4 | Received a gift from Okawaru
 45185 | Vaults:4 | Found a stormy altar of Qazlal.
 45688 | Depths:1 | Entered Level 1 of the Depths
 45697 | Depths:1 | Received a gift from Okawaru
 46429 | Depths:1 | Found Vaynij's Armour Shop.
 46513 | Depths:1 | Received a gift from Okawaru
 46604 | Depths:1 | Found Hadafaeh's Jewellery Shoppe.
 46604 | Depths:1 | Found Zewnutuv's Gadget Boutique.
 46605 | Depths:1 | Found Qumait's Jewellery Shoppe.
 46922 | Depths:1 | Bought the ring "Goazippe" {+Blink +Fly rElec Str-4 SInv}
                  | for 720 gold pieces
 46926 | Depths:1 | Bought the ring of Fefiocy {rCorr rC+} for 714 gold pieces
 46979 | Depths:1 | Found a gateway to Hell.
 47064 | Depths:2 | Reached XP level 21. HP: 165/199 MP: 26/26
 47434 | Depths:2 | Found a one-way gate to the infinite horrors of the Abyss.
 47502 | Depths:2 | Found a one-way gate leading to the halls of Pandemonium.
 47637 | Depths:2 | Received a gift from Okawaru
 48649 | Depths:2 | Received a gift from Okawaru
 48679 | Depths:2 | Identified a +0 pair of boots of running (Okawaru gifted it
                  | to you on level 2 of the Depths)
 48887 | Depths:2 | Found a corrupted altar of Lugonu.
 49570 | Depths:3 | Found a flickering gateway to a bazaar.
 49576 | Bazaar   | Entered a bazaar
 49698 | Bazaar   | Found Yrchanitt's Gadget Shoppe.
 49707 | Bazaar   | Found Watt's Assorted Antiques.
 49729 | Bazaar   | Found Mudopseps's Armour Boutique.
 49733 | Bazaar   | Found Titizir's Assorted Antiques.
 49738 | Bazaar   | Found Hailixi's Distillery.
 49748 | Bazaar   | Bought a potion of heal wounds for 45 gold pieces
 49748 | Bazaar   | Bought a potion of heal wounds for 45 gold pieces
 49748 | Bazaar   | Bought a potion of heal wounds for 45 gold pieces
 49783 | Bazaar   | Bought a scroll of blinking for 165 gold pieces
 49807 | Bazaar   | Bought the +0 cloak of the Several Demons {rElec rN+
                  | Regen+} for 272 gold pieces
 49818 | Bazaar   | Bought a potion of resistance for 90 gold pieces
 49862 | Depths:3 | Found a magical portal.
 49871 | WizLab   | Entered Wucad Mu's Monastery
 50230 | WizLab   | Found the +9 staff of Wucad Mu {channel}
 50443 | WizLab   | Reached XP level 22. HP: 209/209 MP: 27/27
 50939 | Depths:3 | Identified the amulet "Diboim" {RegenMP rF+ Int+4 Dex+3
                  | Stlth+} (You found it on level 3 of the Depths)
 51635 | Depths:4 | Found a gateway to a ziggurat.
 51786 | Depths:4 | Reached XP level 23. HP: 123/217 MP: 28/28
 51788 | Depths:4 | Received a gift from Okawaru
 52346 | Depths:4 | Noticed an ancient lich
 52366 | Depths:4 | Killed an ancient lich
 52936 | Depths:5 | Entered Level 5 of the Depths
 52962 | Depths:5 | Noticed a juggernaut
 53279 | Depths:5 | Killed a juggernaut
 53288 | Depths:5 | Received a gift from Okawaru
 53297 | Depths:5 | Got a transparent falchion {god gift}
 53298 | Depths:5 | Identified the +2 falchion "Dedies" {speed, rN+ Int+3}
                  | (Okawaru gifted it to you on level 5 of the Depths)
 53332 | Depths:5 | Identified the +4 scale mail of Perfidy {rElec MR+ Dex+3
                  | SInv} (You found it on level 5 of the Depths)
 53378 | Depths:5 | Found Qathean's Elemental Accessories.
 54334 | Depths:5 | Found a gate to the Realm of Zot.
 54912 | Vaults:5 | Entered Level 5 of the Vaults
 54975 | Vaults:5 | Received a gift from Okawaru
 55446 | Vaults:5 | Identified the cursed +0 arbalest of Chagrin {flame, Dex+6
                  | SInv} (You found it on level 5 of the Vaults)
 55477 | Vaults:5 | Reached XP level 24. HP: 210/228 MP: 28/28
 55789 | Vaults:5 | HP: 8/343 [stone giant (14)]
 55790 | Vaults:5 | Slain by a tentacled monstrosity

Vault maps used:
D:1:      dpeg_arrival_radiant, ashenzari_altar_1
D:2:      uniq_jessica
D:3:      first_ration, bloody_makhleb, uniq_natasha
D:5:      small_statue_intersection, nemelex_spade_bored_becter
D:6:      serial_glass, glass_columns_a, glass_columns_a,
          eino_small_chamber_without_monster, lemuel_another_geyser
D:7:      kennysheep_mini_moat, minmay_temple_entry_glass, uniq_menkaure,
          uniq_harold
D:8:      lair_entry_dummy, grunt_livestock, hangedman_glass_teeth,
          lemuel_tele_altar
D:9:      basic_altar, kennysheep_opposing_triangles
D:10:     eino_small_chamber_without_monster, nicolae_dithmenos_the_darkroom,
          uniq_psyche, uniq_urug, uniq_snorg
D:11:     serial_shops, nicolae_shop_crystal, uniq_gastronok, uniq_erolcha
D:12:     hiddenorc1_lemuel, enter_trove_3, gammafunk_ghost_spectres
D:13:     david_vaults_4, basic_altar, serial_shops, shop
D:14:     small_statue_intersection, minmay_ruined_shrine
D:15:     grunt_enter_depths_magical_seal, nicolae_ru_the_path_less_chosen
Temple:   kilobyte_greek_temple
Lair:1:   portal_ice_cave_entry_imps
Lair:2:   lab_entry_generic, wad_woods_02, serial_bayou_shore_b, uniq_sonja
Lair:3:   ebering_ghost_reflecting_pool, nicolae_volcano_entry_lava_flow,
          bh_autumn_forest_stairs, beast_lair_carwin_10
Lair:4:   nicolae_swamp_entry_splash_gauntlet,
          nicolae_spider_entry_orb_guardian, gammafunk_ghost_necromancy,
          uniq_kirke, uniq_rupert
Lair:5:   serial_bayou_pond_b
Lair:6:   cheibrodos_lair_end_hotspot, slime_altar_2, uniq_josephine
Swamp:1:  cheibrodos_swamp_tower_of_moss, evilmike_swamp_ruin_house_3,
          swamp_pool1, uniq_louise
Swamp:2:  gammafunk_ghost_necromancy, infiniplex_staircase_pool
Swamp:3:  hangedman_swamp_ruin_wall
Swamp:4:  swamp
Spider:1: uniq_roxanne
Spider:2: gammafunk_ghost_grave
Spider:3: uniq_arachne
Spider:4: grunt_spider_rune_parallel
Orc:2:    st_orc_elflike, basic_altar
Vaults:1: nicolae_vaults_ninety_degrees, vaults_mumra_chevron, v_misc_10,
          v_misc_5, vaults_room_stairs_pillars, v_rooms_6, v_misc_9,
          grunt_vaults_twisty, vaults_dpeg_encased_lava,
          grunt_vaults_hallway_short, vaults_dpeg_hooks
Vaults:2: nicolae_vaults_yaktaur_gun_rack, nicolae_vaults_diagonal_hallway_6,
          ontoclasm_vaults_chip, hangedman_vaults_capsules,
          nicolae_vaults_little_squares_2, vaults_room_pool,
          nicolae_vaults_little_squares_3, hangedman_vaults_maws
Vaults:3: minmay_crypt_entry_skeletal_spiral, grunt_vaults_trifunnel,
          v_alt_pattern_2, v_misc_30, v_misc_26,
          nicolae_vaults_diagonal_hallway_8, nicolae_vaults_ring_of_whatevers,
          ontoclasm_vaults_loading_screen, nicolae_vaults_rhombus_6,
          ontoclasm_vaults_gateway, serial_shops, nicolae_shop_waterfront, shop
Vaults:4: vaults_room_door_hall, ontoclasm_vaults_bender, v_misc_16,
          nicolae_vaults_little_squares_2, v_misc_29, ontoclasm_vaults_spin,
          nicolae_vaults_puzzle_piece, nicolae_vaults_diagonal_hallway_9,
          ontoclasm_vaults_ring_large, nicolae_vaults_network_quinsquares,
          nicolae_vaults_little_squares_3, basic_altar
Depths:1: serial_shops, nicolae_shop_statue_plus,
          roderic_lattice_octagonal_star, hellmouth_1, serial_bayou_crossing,
          minmay_shop_grove
Depths:2: due_chaos_kobolds, rand_demon_pan_entry_3, special_room,
          grunt_decor_one_mirror, hell_entry, abyss_entry_crystal
Depths:3: hourglass_vault, pf_coc_iceberg, pan_entry, serial_shops,
          bzr_entry_road, infiniplex_enter_wizlab_glasses,
          infiniplex_staircase_pool_2
Depths:4: minmay_tri_stars, enter_ziggurat_b, hangedman_geh_valley,
          solitary_fountain, abyss_entry, pan_entry
Depths:5: grunt_zot_entry_alcove, minmay_misc_feat_plants, lightli_too_deep,
          minmay_misc_feat_encased, serial_sigils_hangedman_leer,
          nicolae_elemental_shop
Lab:      nicolae_lab_dead_adventurers, nicolae_lab_grate_2
Bazaar:   bazaar_kb_twisted_cavern
IceCv:    ice_cave_small_giant
Volcano:  volcano_pools
WizLab:   wizlab_wucad

Skill      XL: |  1  2  3  4  5  6  7  8  9 10 11 12 13 14 15 16 17 18 19 20 21 22 23 24 |
---------------+-------------------------------------------------------------------------+-----
Long Blades    | 3 4 5 6 8 10 11 13 14 15 16 17 18 19 | 19.3
Dodging        | 1 2 3 5 6 7 8 9 10 12 13 14 15 16 17 18 19 | 19.9
Shields        | 4 5 6 7 9 10 11 12 13 14 16 17 18 19 20 21 | 21.7
Fighting       | 4 5 6 7 9 10 11 12 13 14 16 17 18 19 20 21 | 21.6
Armour         | 4 5 6 7 8 9 10 12 13 15 16 17 18 19 20 21 | 21.1
Invocations    | 3 4 6 7 8 |  8.0
Charms         | 1 4 5 7 8 |  8.1

Action                   |  1- 3 |  4- 6 |  7- 9 | 10-12 | 13-15 | 16-18 | 19-21 | 22-24 || total
-------------------------+-------+-------+-------+-------+-------+-------+-------+-------++-------
Melee: Long sword        |    68 |   150 |   204 |       |       |       |       |       ||   422
       Headbutt          |     4 |    25 |    89 |   198 |   372 |   572 |   710 |   352 ||  2322
       Dagger            |       |       |     9 |       |       |       |       |       ||     9
       Demon blade       |       |       |   142 |   356 |    78 |   241 |  1282 |   102 ||  2201
       Double sword      |       |       |       |   239 |  1076 |  1421 |   600 |   880 ||  4216
       Eudemon blade     |       |       |       |       |     8 |     7 |    29 |       ||    44
Throw: Throwing net      |       |       |     1 |     1 |       |     2 |       |       ||     4
       Javelin           |       |       |     1 |    21 |     5 |       |       |       ||    27
       Tomahawk          |       |       |       |     8 |       |       |       |       ||     8
 Cast: Song of Slaying   |       |       |       |       |       |     2 |    20 |    14 ||    36
       Infusion          |       |       |       |       |       |       |     2 |     1 ||     3
Invok: Heroism           |       |       |       |    12 |    12 |    16 |    17 |    14 ||    71
       Finesse           |       |       |       |     3 |     8 |    11 |     5 |    10 ||    37
 Abil: Stop Flying       |       |       |       |       |       |       |     1 |       ||     1
       Evoke Flight      |       |       |       |       |       |       |     1 |       ||     1
Evoke: Wand              |       |       |       |       |     3 |     6 |       |       ||     9
       Lightning rod     |       |       |       |       |       |       |     3 |       ||     3
  Use: Scroll            |       |       |    16 |    13 |    16 |     5 |     6 |     7 ||    63
       Potion            |       |       |     1 |     1 |     1 |     8 |     1 |    10 ||    22
 Stab: Sleeping          |       |       |     1 |       |       |       |       |       ||     1
       Distracted        |       |       |     1 |       |       |       |       |       ||     1
       Held in net/web   |       |       |       |     1 |       |       |       |       ||     1
       Invisible         |       |       |       |       |       |    18 |       |       ||    18
       Confused          |       |       |       |       |       |     3 |       |       ||     3
  Eat: Chunk             |       |     6 |    13 |    17 |    37 |    34 |    35 |    11 ||   153
       Ration            |       |       |     1 |     1 |       |     3 |     2 |     2 ||     9
Armor: Scale mail        |    11 |       |       |       |       |       |       |       ||    11
       Chain mail        |    27 |    83 |    86 |   139 |   130 |   430 |       |       ||   895
       Leather armour    |       |       |    20 |    25 |       |       |       |       ||    45
       Plate armour      |       |       |       |       |    69 |    39 |       |       ||   108
       Pearl dragon scal |       |       |       |       |   108 |    66 |   377 |   336 ||   887
Dodge: Dodged            |    19 |    35 |    96 |   230 |   468 |  1043 |   953 |   710 ||  3554
Block: Shield            |    39 |    94 |   164 |   357 |   647 |  1419 |  1467 |    85 ||  4272
       Reflection        |       |       |       |       |       |    22 |    41 |     5 ||    68
       Large shield      |       |       |       |       |       |       |       |  1321 ||  1321
       Rpst.: Long sword |     8 |     8 |    10 |       |       |       |       |       ||    26
       Demon blade       |       |       |    12 |    29 |     4 |    27 |    96 |    10 ||   178
       Double sword      |       |       |       |    28 |    88 |   185 |    51 |    88 ||   440
       Eudemon blade     |       |       |       |       |       |     1 |     3 |       ||     4

Table legend:
 A = Non-vault XP
 B = Vault XP
 C = Vault XP percentage of total XP
 D = Non-vault monster count
 E = Vault monster count
 F = Vault count percentage of total count
                 A         B        C        D         E       F
            +---------+---------+-------+---------+---------+-------
      Total |  569497 |  344600 |  37.7 |    1399 |     578 |  29.2
            +---------+---------+-------+---------+---------+-------
        D:1 |      14 |       0 |   0.0 |       9 |       0 |   0.0
        D:2 |     104 |      37 |  26.2 |      24 |       1 |   4.0
        D:3 |     287 |      35 |  10.9 |      16 |       1 |   5.9
        D:4 |     399 |       0 |   0.0 |      14 |       0 |   0.0
        D:5 |     747 |       0 |   0.0 |      24 |       0 |   0.0
        D:6 |     848 |       0 |   0.0 |      15 |       0 |   0.0
        D:7 |     710 |    1174 |  62.3 |      19 |       2 |   9.5
        D:8 |    1376 |     980 |  41.6 |      45 |       5 |  10.0
        D:9 |    1677 |     145 |   8.0 |      31 |       3 |   8.8
       D:10 |    2592 |    2373 |  47.8 |      29 |       3 |   9.4
       D:11 |    6703 |    3209 |  32.4 |      46 |       2 |   4.2
       D:12 |    8483 |    2642 |  23.7 |      33 |      24 |  42.1
       D:13 |    9777 |    2790 |  22.2 |      40 |      28 |  41.2
       D:14 |    6512 |    1854 |  22.2 |      22 |       5 |  18.5
       D:15 |    7242 |    3565 |  33.0 |      16 |       8 |  33.3
     Lair:1 |    3117 |     123 |   3.8 |      18 |      12 |  40.0
     Lair:2 |    7856 |    1904 |  19.5 |      26 |       5 |  16.1
     Lair:3 |    2201 |    2891 |  56.8 |       9 |       9 |  50.0
     Lair:4 |    7978 |    9465 |  54.3 |      24 |      16 |  40.0
     Lair:5 |   11024 |     498 |   4.3 |      35 |       2 |   5.4
     Lair:6 |   14240 |    8770 |  38.1 |      30 |      29 |  49.2
    Swamp:1 |   12789 |    3829 |  23.0 |      41 |       2 |   4.7
    Swamp:2 |   20398 |       0 |   0.0 |      51 |       0 |   0.0
    Swamp:3 |   14696 |       0 |   0.0 |      32 |       0 |   0.0
    Swamp:4 |   10368 |   15262 |  59.5 |      25 |      25 |  50.0
   Spider:1 |   19170 |    1750 |   8.4 |      56 |       1 |   1.8
   Spider:2 |   19725 |    1031 |   5.0 |      50 |       1 |   2.0
   Spider:3 |    9146 |    3551 |  28.0 |      32 |       1 |   3.0
   Spider:4 |   15664 |   27912 |  64.1 |      32 |      58 |  64.4
      Orc:1 |    2605 |    1256 |  32.5 |      26 |       2 |   7.1
      Orc:2 |    5526 |    7088 |  56.2 |      42 |      22 |  34.4
   Vaults:1 |   22163 |   27167 |  55.1 |      39 |      41 |  51.2
   Vaults:2 |   22305 |   14601 |  39.6 |      41 |      26 |  38.8
   Vaults:3 |   33786 |   19851 |  37.0 |      51 |      39 |  43.3
   Vaults:4 |   55700 |   19739 |  26.2 |      82 |      26 |  24.1
   Vaults:5 |   24516 |   60092 |  71.0 |      36 |      44 |  55.0
   Depths:1 |   36870 |     940 |   2.5 |      52 |       4 |   7.1
   Depths:2 |   51097 |   22049 |  30.1 |      76 |      37 |  32.7
   Depths:3 |   21102 |   10762 |  33.8 |      31 |       9 |  22.5
   Depths:4 |   46747 |   22253 |  32.3 |      55 |      21 |  27.6
   Depths:5 |   31237 |   28698 |  47.9 |      24 |      18 |  42.9
        Lab |       0 |    1184 | 100.0 |       0 |       1 | 100.0
      IceCv |       0 |    9589 | 100.0 |       0 |      36 | 100.0
    Volcano |       0 |    2313 | 100.0 |       0 |       8 | 100.0
     WizLab |       0 |    1228 | 100.0 |       0 |       1 | 100.0
            +---------+---------+-------+---------+---------+-------
